 Dungeon Crawl Stone Soup version 0.23-a0-650-ga4d50d4 (webtiles) character file.

52 Borgoz the Chopper (level 3, 0/22 HPs)
             Began as a Gargoyle Gladiator on Jan 3, 2019.
             Slain by a worm (8 damage)
             ... on level 3 of the Dungeon.
             The game lasted 00:03:38 (1630 turns).

Borgoz the Chopper (Gargoyle Gladiator)             Turns: 1630, Time: 00:03:39

Health: 0/22       AC: 12    Str: 17    XL:     3   Next: 85%
Magic:  3/3        EV: 11    Int:  8    God:
Gold:   110        SH:  0    Dex: 12    Spells: 2/2 levels left

rFire    . . .     SeeInvis .   a - +0 war axe
rCold    . . .     Gourm    .   (no shield)
rNeg     + . .     Faith    .   p - +0 ring mail
rPois    ∞         Spirit   .   c - +0 helmet
rElec    +         Reflect  .   (no cloak)
rCorr    .         Harm     .   (no gloves)
MR       .....     Rnd*Tele +   h - +2 pair of boots
Stlth    ..........             (no amulet)
HPRegen  0.07/turn              j - ring of attention (curse)
MPRegen  0.08/turn              t - ring of teleportation (curse)

@: no status effects
A: negative energy resistance 1, electricity resistance, unbreathing,
petrification resistance, rot immunity, AC +3
a: no special abilities


You were on level 3 of the Dungeon.
You were not hungry.

You visited 1 branch of the dungeon, and saw 3 of its levels.

You collected 110 gold pieces.

Inventory:

Hand Weapons
 a - a +0 war axe (weapon)
Missiles
 d - 3 throwing nets (quivered)
 k - 2 needles of sleeping
Armour
 b - a +0 leather armour
 c - a +0 helmet (worn)
 h - a +2 pair of boots (worn)
 p - a +0 ring mail (worn)
Jewellery
 j - a cursed ring of attention (left hand)
 t - a cursed ring of teleportation (right hand)
Scrolls
 e - a scroll of immolation {unknown}
 g - 4 scrolls of remove curse {unknown}
 i - 2 scrolls of fear {unknown}
 l - 4 scrolls of identify {unknown}
 m - a scroll of enchant weapon {unknown}
 n - a scroll of enchant armour {unknown}
 o - a scroll of fog {unknown}
 u - a scroll of teleportation {unknown}
Potions
 q - a potion of lignification {unknown}
 r - a potion of flight {unknown}
Comestibles
 f - 3 rations


   Skills:
 + Level 2.9 Fighting
 + Level 3.1 Axes
 - Level 1.7 Throwing
 + Level 1.6 Armour
 + Level 2.8 Dodging


You had 2 spell levels left.
You didn't know any spells.
Your spell library was empty.

Dungeon Overview and Level Annotations

Branches:
Dungeon (3/15)

Altars:


Innate Abilities, Weirdness & Mutations

You are resistant to torment.
Your stone body is resilient. (AC +3)
You are immune to poison.
You resist negative energy. (rN+)
You are resistant to electric shocks. (rElec)
You can survive without breathing.
You are immune to petrification.
You are immune to rotting.


Message History

Found a scroll labeled REINWU QOAD.
You see here 28 arrows.
You hit the worm.
The worm is lightly wounded.
You hit the worm.
The worm is lightly wounded.
The worm bites you.
You slash the worm!
The worm is heavily wounded.
The worm barely misses you.
You slash the worm!
The worm is severely wounded.
The worm bites you!
You are too injured to fight recklessly!
You are too injured to fight recklessly!
You are too injured to fight recklessly!
You hit the worm.
The worm is almost dead.
The worm bites you!
You die...

#....####'## #
#....# #.## ..# ##
##....####..###...#
..
...................
##
###########..######
####'#### #..†....#
#....(..# #....@..#
#####w.## ##.# ..
... .?.. ....#
....#


You could see a worm.

Vanquished Creatures
  2 adders
  A dart slug (D:1)
  A leopard gecko (D:2)
  4 bats
  4 giant cockroaches
  4 goblins
  2 hobgoblins
  2 ball pythons
  3 frilled lizards
  4 kobolds
  6 rats
33 creatures vanquished.

Notes
Turn   | Place    | Note
-------+----------+-------------------------------------------
     0 | D:1      | Borgoz the Gargoyle Gladiator began the quest for the Orb.
     0 | D:1      | Reached XP level 1. HP: 12/12 MP: 1/1
   161 | D:1      | Reached XP level 2. HP: 15/18 MP: 2/2
   492 | D:1      | Reached skill level 1 in Armour
  1196 | D:2      | Reached skill level 3 in Axes
  1240 | D:2      | Reached XP level 3. HP: 22/22 MP: 3/3
  1630 | D:3      | Slain by a worm

Vault maps used:
D:1:      dpeg_arrival_rooms_a
D:2:      hangedman_decor_clover_reticule
D:3:      lemuel_doored_altar, chequers_ecumenical_altar_simple_redux, uniq_ijyb

Skill      XL: |  1  2 |
---------------+-------+-----
Armour         | 1 |  1.6
Axes           | 3 |  3.1
Fighting       | |  2.9
Throwing       | |  1.7
Dodging        | |  2.8

Action                   || total
-------------------------++-------
Melee: War axe           ||   123
 Stab: Sleeping          ||     1
  Eat: Chunk             ||     2
Armor: Leather armour    ||    27
       Ring mail         ||    51
Dodge: Dodged            ||    82

Table legend:
 A = Non-vault XP
 B = Vault XP
 C = Vault XP percentage of total XP
 D = Non-vault monster count
 E = Vault monster count
 F = Vault count percentage of total count
                 A         B        C        D         E       F
            +---------+---------+-------+---------+---------+-------
      Total |      75 |       0 |   0.0 |      33 |       0 |   0.0
            +---------+---------+-------+---------+---------+-------
        D:1 |      22 |       0 |   0.0 |      15 |       0 |   0.0
        D:2 |      35 |       0 |   0.0 |      14 |       0 |   0.0
        D:3 |      18 |       0 |   0.0 |       4 |       0 |   0.0
            +---------+---------+-------+---------+---------+-------
